[Event "*** Titled Tuesday 3|2 Blitz"]
[Site "Chess.com"]
[Date "2016.10.04"]
[Round "2"]
[White "ilya261991"]
[Black "GrigorGrigorov"]
[Result "0-1"]
[WhiteElo "2477"]
[BlackElo "2553"]
[TimeControl "180+2"]
[EndTime "11:24:03 PDT"]
[Termination "GrigorGrigorov won on time"]

1. d4 Nf6 2. c4 e6 3. Nf3 b6 4. g3 Bb7 5. Bg2 Be7 6. O-O O-O 7.
Re1 Ne4 8. Nfd2 d5 9. Nxe4 dxe4 10.
Nc3 f5 11. a3 Bf6 12. Be3 Nc6 13. d5 exd5 14. cxd5 Ne7 15. Bd4 Nxd5 16. Nxd5 Qxd5 17. Bxf6 Rxf6 18. Qc2 Rc6 19. Qa4 Rc4 20. Qb3 Rd4 21. Qe3 Rd8 22. h4 c5 23. h5 Qd6 24. Bh3 Bc8 25.
Qg5 h6 26. Qc1 Rd2 27. b4 Be6 28. bxc5 Qxc5 29. Qxc5 bxc5 30. Rac1 c4 31. Bg2 Kf7 32. g4 Rc8 33. gxf5 Bxf5 34. Rc3 Ke6 35. Rec1 Kd5 36. e3 Rd3 37. f3 Rxc3 38. Rxc3 exf3 39. Bxf3+ Be4 40. Be2 a5 41. Kf2 Rc6 42. Kg3 g5 43.
hxg6 Rxg6+ 44. Kh4 Rc6 45. Kh5 Bg6+ 46. Kh4 Bb1 47. Kg4 Rc7 48. Kh5 Ba2 49. Kxh6 Rf7 50. Kg5 Rf2 51. Bh5 Bb1 52. Kg4 Bd3 53. Kg3 Rf6 54.
Bf3+ Kc5 55. Rc1 Rb6 56. Kf4 Rf6+ 57. Kg3 Kb5 58. e4 Kc5 59. e5 Re6 60. Kf4 Kd4 61.
Re1 c3 62. Bg4 Re8 63. e6 c2 64. Kg5 Kc3 65. Bf5 Kd2 66. Rh1 Bxf5 67. Kxf5 c1=Q 68. Rxc1 Kxc1 69. Kf6 Kb2 70. a4 Kb3 71. Kf7 Rb8 0-1

[Event "*** Titled Tuesday 3|2 Blitz"]
[Site "Chess.com"]
[Date "2016.10.04"]
[Round "2"]
[White "Iball95"]
[Black "ftorodent"]
[Result "1/2-1/2"]
[WhiteElo "2534"]
[BlackElo "2490"]
[TimeControl "180+2"]
[EndTime "11:24:41 PDT"]
[Termination "Game drawn - insufficient material"]

1. e4 e6 2. d4 d5 3. Nc3 Bb4 4. exd5 exd5 5. Bd3 Ne7 6. a3 Bxc3+ 7. bxc3 O-O 8. Qf3 Be6 9. Ne2 Qd7 10. O-O Bf5 11. h4 Bxd3 12. cxd3 Nbc6 13. Ng3 Rfe8 14. h5 h6 15. a4 Kh7 16. Ba3 Ng8 17. Nf5 Nce7 18. Nxe7 Nxe7 19. Qxf7 Qf5 20. Qxf5+ Nxf5 21. Rfe1 Kg8 22.
Re5 Rxe5 23. dxe5 d4 24. c4 Kf7 25. f4 Ne3 26. Rb1 b6 27. Bc1 Ng4 28. Kf1 Ke6 29.
Ke2 Rf8 30. g3 Rf5 31. Bb2 Rxh5 32. Bxd4 Rh2+ 33. Kf3 Kf5 34. e6 c5 35. Bg1 Rd2 36.
e7 Nf6 37. g4+ Ke6 38. Ke3 Ra2 39. g5 hxg5 40. fxg5 Ne8 41. d4 cxd4+ 42. Kxd4 Kxe7 43. Re1+ Kd7 44. Kd5 Rxa4 45. Rf1 Ra5+ 46. c5 Ke7 47. Kc6 bxc5 48. Bxc5+ Ke6 49. Re1+ Kf7 50. Re7+ Kg6 51.
Rxe8 Kxg5 52. Re5+ Kg6 53. Re6+ Kf5 54. Re7 g5 55.
Bxa7 Kf4 56. Rf7+ Kg3 57. Bc5 Ra2 58. Kd5 Re2 59. Bd4 g4 60. Kc4 Kg2 61. Kd3 Re6 62. Be3 g3 63. Ke2 Re8 64. Rg7 Re6 65. Kd3 Rd6+ 66.
Ke4 Re6+ 67. Kf4 Rf6+ 68. Ke5 Rf3 69. Ke4 Rf8 70. Bf4 Re8+ 71. Kd3 Rd8+ 72. Kc4 Rc8+ 73.
Kd4 Rd8+ 74. Ke4 Re8+ 75. Kd3 Rd8+ 76. Kc2 Rc8+ 77. Kb2 Kf3 78. Bxg3 Rc4 79. Kb3 Rg4 80. Rxg4 Kxg4 1/2-1/2

[Event "*** Titled Tuesday 3|2 Blitz"]
[Site "Chess.com"]
[Date "2016.10.04"]
[Round "2"]
[White "cassoulet"]
[Black "dusanacns"]
[Result "0-1"]
[WhiteElo "2296"]
[BlackElo "2547"]
[TimeControl "180+2"]
[EndTime "11:25:19 PDT"]
[Termination "dusanacns won by resignation"]

1. e4 g6 2. d4 Bg7 3. Nc3 d6 4.
h4 Nc6 5. Be3 Nf6 6. Be2 e5 7.
d5 Nd4 8. Bxd4 exd4 9. Qxd4 O-O 10. Qd2 Re8 11. f3 Nh5 12. O-O-O Be5 13. Kb1 Ng3 14.
Rh3 Bxh3 15. Nxh3 Bxc3 16. bxc3 Nxe2 17. Qxe2 Qxh4 18. Rh1 f5 19. Nf2 Qf6 20. Qd3 Re7 21. g4 fxe4 22. Nxe4 Qe5 23. g5 Rf8 24. Kb2 Kg7 25. Nf6 h5 26. Rxh5 Rxf6 27. gxf6+ Qxf6 28. Rh2 Rf7 29. Qe3 Qf4 30. Qf2 Rf5 31. Rh4 Qxf3 32. Qd4+ Re5 33. Qxa7 Qxd5 34. Qb8 Qb5+ 35. Rb4 Qc6 36.
a4 b6 37. Rh4 Rh5 38. Rf4 Rf5 39. Rh4 Rf8 40. Rh7+ Kxh7 41. Qxf8 Qd7 42. Qf6 Kh6 43.
Qh4+ Kg7 44. Qd4+ Kf7 45. Qf4+ Qf5 46. Qc4+ Kf6 47. Qxc7 Qc5 48. Qd8+ Kf5 49. Qf8+ Kg4 50. Qf6 g5 51. Qe6+ Kf4 52. Qf6+ Kg3 53. Qf1 g4 54. Qe1+ Kf3 55. Qh1+ Kf4 56. Qh6+ Ke4 57. Qh1+ Kf4 58. Qh6+ Kg3 59. Qh1 Qe3 60. Qd5 Kf2 61. Qf5+ Qf3 62.
Qb5 Qe3 63. Qf5+ Kg3 64. Qd5 Qf4 65. Qd1 Kh2 66. Qe2+ Kh3 67. Qe6 Qe5 68. Qh6+ Kg2 69. Qd2+ Kf3 70. Qd1+ Kf4 71. Qf1+ Kg5 72. Qg1 g3 73.
Qxb6 g2 74. Qg1 Qe4 75. a5 Qb7+ 76. Kc1 Qf3 77. Kb2 Qf1 78. Qe3+ Kg4 79. Qe4+ Kg3 80. Qg6+ Kh2 81. Qh5+ Kg1 82. Qd5 Qf4 83. a6 Kf2 84. a7 g1=Q 85. a8=Q Qgc1+ 86. Kb3 Qb1+ 87. Ka3 Qfc1+ 88.
Ka4 Qcxc2+ 89. Ka5 Qxc3+ 90. Ka6 Qa3+ 91. Qa5 Qxa5+ 92.
Kxa5 Qa1+ 93. Kb6 Qxa8 0-1

[Event "*** Titled Tuesday 3|2 Blitz"]
[Site "Chess.com"]
[Date "2016.10.04"]
[Round "2"]
[White "Zhani-Z"]
[Black "QuintilianoR"]
[Result "1-0"]
[WhiteElo "2314"]
[BlackElo "2408"]
[TimeControl "180+2"]
[EndTime "11:25:49 PDT"]
[Termination "Zhani-Z won by resignation"]

1. e4 c5 2. Nf3 d6 3. d4 cxd4 4. Nxd4 Nf6 5. Nc3 g6 6. Bc4 Bg7 7. O-O O-O 8. Re1 Nc6 9. Bg5 Bg4 10. Qd2 Rc8 11. Bb3 Nxd4 12. Qxd4 h6 13. Bh4 Nd7 14. Qd2 Nc5 15. Rab1 g5 16. Bg3 Qa5 17. Rbc1 Nxb3 18.
cxb3 Be6 19. h4 Rfd8 20. Qe3 Qc5 21. Qe2 g4 22. Bf4 Qh5 23. g3 a6 24. Red1 Rc5 25. Be3 Rc6 26. Bd4 Bxd4 27. Rxd4 Qe5 28. Rcd1 f5 29. Qd2 Qg7 30. Re1 Rdc8 31. Qe3 Rc5 32. exf5 Re5 33. Re4 Bxf5 34. Rxe5 Qxe5 35. Qxe5 dxe5 36.
Rxe5 e6 37. Kf1 Rd8 38. Ke2 Kg7 39. Rc5 Rd7 40. b4 Kf6 41. Ke1 Rd4 42. a3 Rd7 43. b5 axb5 44. Rxb5 Rc7 45. Rb6 Ke5 46. Rb4 Rd7 47.
Ke2 h5 48. Ke1 Rc7 49. Nd1 Rc2 50. Ne3 Rc7 51. Nc4+ Kd4 52. Nd6+ Kd3 53. Kd1 Rd7 54. Nxf5 exf5 55. a4 Rd5 56. Ke1 Re5+ 57. Kf1 Re7 58. Rb5 Rf7 59. a5 Kc2 60. b4 Kc3 61. Ke2 Re7+ 62.
Kf1 Rf7 63. Rb6 Kc4 64. Kg2 Kb3 65. Kf1 Kc4 66. Ke2 Re7+ 67. Kd2 Rd7+ 68. Ke3 Re7+ 69. Kf4 Re2 70. Kxf5 Rxf2+ 71. Kg5 Rf3 72. Kxh5 Rxg3 73.
Rxb7 Rg1 74. a6 g3 75. a7 Ra1 76. Rg7 Kxb4 77. Rxg3 Rxa7 78. Rd3 Kc4 79. Rd1 Rg7 80. Kh6 Rg3 81. h5 Kc5 82. Kh7 Kc6 83. h6 Kc7 84. Kh8 Rg2 85. h7 Rg3 86. Ra1 Kd7 87. Ra8 Ke7 88. Rg8 Rh3 89. Kg7 Rg3+ 90. Kh6 Rh3+ 91. Kg6 Rg3+ 92. Kf5 1-0

[Event "*** Titled Tuesday 3|2 Blitz"]
[Site "Chess.com"]
[Date "2016.10.04"]
[Round "2"]
[White "Rumpel-VK"]
[Black "LuckyTiger"]
[Result "0-1"]
[WhiteElo "2438"]
[BlackElo "2546"]
[TimeControl "180+2"]
[EndTime "11:26:07 PDT"]
[Termination "LuckyTiger won on time"]

1. e4 c5 2. g3 d5 3. exd5 Qxd5 4. Nf3 Bg4 5. Bg2 Qe6+ 6. Kf1 Nc6 7. h3 Bh5 8. d3 Nf6 9. Be3 Qd6 10. Nbd2 e6 11.
Ne4 Nxe4 12. dxe4 Rd8 13. Qxd6 Bxd6 14. c3 f6 15. Ke2 Kd7 16. Rad1 Kc7 17. Rd2 Bf7 18.
Rhd1 e5 19. b3 b6 20. Nh4 g6 21.
Nf3 a5 22. Ke1 Be7 23. Bf1 a4 24. bxa4 Na5 25. Bb5 Be6 26. Rxd8 Bxd8 27. Nd2 Be7 28. Nb3 Nc4 29. Bxc4 Bxc4 30. a5 Be6 31. axb6+ Kc6 32.
b7 Rb8 33. Rb1 Bxh3 34. Na5+ Kc7 35. f3 Be6 36. a4 h5 37. Kf2 Bd7 38. Ra1 Be8 39.
Ra2 Bf7 40. Rb2 Be8 41. Ra2 Bd7 42. Ra1 Kb6 43. Nc4+ Ka6 44. a5 Rxb7 45. Nb6 Be6 46. c4 Rb8 47. Ra2 Rd8 48. Ra1 Rd3 49. Na4 Bxc4 50. Bxc5 Bd8 51. Bb6 Bxb6+ 52. axb6 Rd2+ 53. Ke1 Re2+ 54. Kd1 Rh2 55. Nb2+ Kxb6 56. Nxc4+ Kc5 57.
Ra4 Kd4 58. Nd2+ Kd3 59. Ra3+ Kd4 60. Kc2 Rg2 61. Rd3+ Kc5 62. Rd5+ Kc6 63. Rd8 f5 64. Rf8 fxe4 65. Rf6+ Kc5 66. fxe4 Rxg3 67. Kd1 Kd4 68. Ke2 Rg4 69. Rc6 Rg2+ 70. Kd1 Kd3 71. Rd6+ Ke3 72.
Ke1 h4 73. Rd5 h3 74. Nf1+ Kxe4 75. Rd6 Kf4 76. Rf6+ Kg5 77. Rf8 Rg4 78. Rh8 Rh4 79. Rxh4 Kxh4 80. Kf2 g5 81. Ng3 Kg4 82. Ne4 Kf4 83.
Ng3 e4 84. Ne2+ Kg4 85. Nd4 e3+ 86. Kg1 Kg3 87. Ne2+ Kf3 88. Nd4+ Ke4 89. Ne6 g4 90. Ng5+ Kd3 91. Ne6 e2 92. Nf4+ Ke3 93. Nd5+ Kd2 94. Kh2 e1=Q 95. Nc3 Qf2+ 0-1

[Event "*** Titled Tuesday 3|2 Blitz"]
[Site "Chess.com"]
[Date "2016.10.04"]
[Round "2"]
[White "VovAn1991"]
[Black "pastouche06"]
[Result "0-1"]
[WhiteElo "2446"]
[BlackElo "2343"]
[TimeControl "180+2"]
[EndTime "11:26:19 PDT"]
[Termination "pastouche06 won on time"]

1. e4 c6 2. d4 d5 3. Nc3 dxe4 4.
Nxe4 Bf5 5. Ng3 Bg6 6. Nh3 e6 7. Nf4 Qh4 8. Nge2 Bd6 9. g3 Qe7 10. Bg2 Nf6 11. Nxg6 hxg6 12. Bg5 Qc7 13. c4 Bb4+ 14.
Kf1 Be7 15. h4 Nbd7 16. Qa4 O-O 17. Rd1 Rfe8 18. Bf3 e5 19. d5 Nc5 20. Qc2 e4 21. Bg2 a5 22. Nf4 Bd6 23. h5 Nh7 24. Nh3 gxh5 25.
Be3 Nf6 26. Nf4 g6 27. Qc3 Be5 28. Bd4 Ncd7 29. Bh3 c5 30. Bxe5 Qxe5 31. Qc2 e3 32.
Re1 Qd4 33. f3 Ne5 34. b3 Nxf3 35. Re2 Nd2+ 36. Kg2 g5 37. Nxh5 Nxh5 38. Bf5 Nf6 39. Kg1 Nf3+ 40. Kg2 Ne5 41. Rd1 Nd3 42. Rxd3 Qe5 43.
Rdxe3 Qxe3 44. Rxe3 Rxe3 45. d6 Rae8 46. Kf2 R3e5 47. g4 Kg7 48. Qd2 Re2+ 49. Qxe2 Rxe2+ 50. Kxe2 Kf8 51. Kd3 Ke8 52. a3 b6 53. Kc3 Kd8 54.
b4 axb4+ 55. axb4 Ne8 56. d7 Nf6 57. bxc5 bxc5 58. Kd3 Ke7 59. Ke3 Nxd7 60. Ke4 Nb6 61. Kd3 Kd6 62. Bh7 Ke5 63. Bg8 f6 64. Ke3 Nc8 65.
Bd5 Nd6 66. Bg8 Ne8 67. Bf7 Nd6 68. Bg8 Nb7 69. Bd5 Na5 70. Bg8 Nb3 71. Bd5 Nd4 72.
Bg8 Nc2+ 73. Kd3 Nb4+ 74. Ke3 Nc2+ 75. Kd3 Nd4 76. Ke3 f5 77. gxf5 Kxf5 78. Bh7+ Ke5 79.
Bg8 Kf5 80. Bh7+ Kg4 81. Ke4 Kh3 82. Kd5 g4 83. Kxc5 Ne6+ 84. Kd5 g3 85. Kxe6 g2 86. c5 g1=Q 87. Bf5+ Kh4 88. c6 Qg8+ 89. Kd6 Qd8+ 90. Bd7 Qf6+ 91. Kc7 Qe5+ 92. Kb7 Qb5+ 93. Kc8 Qa6+ 94.
Kd8 Qa8+ 95. Bc8 Qxc6 0-1

[Event "*** Titled Tuesday 3|2 Blitz"]
[Site "Chess.com"]
[Date "2016.10.04"]
[Round "2"]
[White "LawrenceTrent"]
[Black "MateusViageiro"]
[Result "1/2-1/2"]
[WhiteElo "2519"]
[BlackElo "2317"]
[TimeControl "180+2"]
[EndTime "11:26:29 PDT"]
[Termination "Game drawn by repetition"]

1. e4 c5 2. Nf3 d6 3. d4 cxd4 4.
Nxd4 Nf6 5. Nc3 a6 6. Bg5 e6 7. f4 Be7 8. Qe2 h6 9. Bxf6 Bxf6 10. O-O-O Qc7 11. g4 Be7 12. h4 Bd7 13. Bg2 Nc6 14.
Nb3 Rc8 15. Kb1 b5 16. Nd5 exd5 17.
exd5 Ne5 18. fxe5 dxe5 19. d6 Bxd6 20. Bd5 Bc6 21. Bxc6+ Qxc6 22. Nd4 Qc4 23. Qe1 O-O 24. Nf5 Qxc2+ 25. Ka1 Bc5 26. Qxe5 f6 27. Qe6+ Kh8 28. Qd7 Rg8 29. Rc1 Qe2 30. g5 Rcd8 31. Qc7 Ba3 32.
bxa3 Rd2 33. Qc3 Rxa2+ 34. Kb1 Rd2 35. Rhe1 Qf2 36. Rf1 Qe2 37. gxh6 Rd3 38. hxg7+ Kh7 39. Qc2 Qe4 40. Rfe1 Qxf5 41. Re3 Rgd8 42. g8=Q+ Kxg8 43. Rg1+ Kh7 44. Re7+ Kh6 45. Ka1 Rd1+ 46. Qxd1 Rxd1+ 47.
Rxd1 Qf4 48. Red7 Qxh4 49. R7d4 Qg5 50. Rd6 Qe5+ 51. Kb1 Qe4+ 52. R1d3 Kg5 53. Kb2 f5 54. R6d4 Qe5 55. Kc2 a5 56. Rd5 Qe2+ 57. Kc1 b4 58.
a4 Qe1+ 59. Kb2 Qe2+ 60. Kb3 Qe1 61. Rxa5 Qb1+ 62. Kc4 Qc2+ 63. Kd4 b3 64. Rb5 b2 65.
Rdb3 Qd2+ 66. Kc4 Qf4+ 67. Kc3 Qxa4 68. Kxb2 Qd4+ 69. Kc2 Qe4+ 70. Kd2 Qd4+ 71. Ke2 Qe4+ 72. Kf2 Qc2+ 73. Kg1 Qd1+ 74. Kg2 Qe2+ 75. Kg1 Qe1+ 76. Kh2 Qh4+ 77. Kg2 Qe4+ 78. Kf2 Qc2+ 79. Ke3 Qe4+ 80. Kd2 Qg2+ 81. Kc3 Kg4 82. Kd4 Qe4+ 83. Kc5 f4 84.
Rb8 Qe7+ 85. Kd5 Qf7+ 86. Ke5 f3 87. R8b7 Qf5+ 88. Kd6 Qf6+ 89. Kd5 f2 90. R7b4+ Kg5 91. Rg3+ Kh5 92. Rh3+ Kg5 93. Rg3+ Kh5 94. Rh3+ Kg5 95. Rg3+ Kh5 96. Rh3+ Kg5 1/2-1/2

[Event "*** Titled Tuesday 3|2 Blitz"]
[Site "Chess.com"]
[Date "2016.10.04"]
[Round "2"]
[White "pKiLz5Rn9b"]
[Black "Dr-Bassem"]
[Result "1-0"]
[WhiteElo "2486"]
[BlackElo "2600"]
[TimeControl "180+2"]
[EndTime "11:26:32 PDT"]
[Termination "pKiLz5Rn9b won by checkmate"]

1. e4 e5 2. Nf3 Nc6 3. Bc4 Nf6 4.
d3 h6 5. h3 d6 6. c3 g6 7.
Nbd2 Bg7 8. O-O O-O 9. Bb3 Na5 10. Bc2 c5 11. d4 cxd4 12. cxd4 Nc6 13. d5 Nb4 14.
Bb1 a5 15. a3 Na6 16. b4 Bd7 17. Nc4 Bb5 18. Nxa5 Bxf1 19. Qxf1 Qd7 20. Bd3 Nxd5 21. Bb5 Qe7 22. Bb2 Nf4 23. Rd1 Nc7 24. Bc4 Nce6 25. g3 Nh5 26. Bd5 Rab8 27. Qd3 Kh8 28. Nc4 Rbd8 29. Ne3 Kh7 30. Bb3 Ng5 31. Nd5 Nxh3+ 32.
Kg2 Qd7 33. Rh1 Ng5 34. Nxg5+ hxg5 35. Bd1 g4 36. Ne3 Kg8 37. Bxg4 Qc6 38. Bxh5 gxh5 39. Rxh5 Rfe8 40. Nd5 Re6 41. Rg5 Kf8 42. Qf3 Qc2 43.
Bc3 Bh6 44. Rf5 Rd7 45. Nf6 Rc7 46. Nd5 Rd7 47. b5 Bg7 48. Bb4 Rh6 49. Qg4 Qc1 50. Rh5 Rxh5 51. Qxh5 Qc2 52. Qf3 Kg8 53. Qg4 Rd8 54. a4 Qxa4 55. Bd2 Kf8 56. Bg5 Re8 57. Nc7 Rb8 58. Nd5 Re8 59. Nc7 Rb8 60. Qf5 Qc4 61. Nd5 Re8 62. b6 Re6 63. Nc7 Kg8 64. Nxe6 Qxe6 65.
Qxe6 fxe6 66. Be7 d5 67. Kf3 Kf7 68. Bd6 Kf6 69. Bc7 Bh6 70. Bd8+ Kf7 71. Bc7 Bg7 72. Ke3 Ke7 73. g4 Bh6+ 74. Kf3 Bf4 75. Bb8 Kd7 76. Bc7 Kc6 77. Bd8 Kc5 78. g5 Kd4 79. exd5 exd5 80.
g6 Bh6 81. Bf6 Kc5 82. Bxe5 Kxb6 83. g7 Bxg7 84. Bxg7 Kc5 85. Ke3 Kc4 86. Bd4 b5 87. f4 b4 88. f5 Kb3 89. f6 Kc2 90. f7 b3 91. f8=Q b2 92. Qb4 b1=Q 93. Qc3+ Kd1 94.
Qd2# 1-0

[Event "*** Titled Tuesday 3|2 Blitz"]
[Site "Chess.com"]
[Date "2016.10.04"]
[Round "2"]
[White "stuffings101"]
[Black "Saitama_Hero"]
[Result "1-0"]
[WhiteElo "2145"]
[BlackElo "2174"]
[TimeControl "180+2"]
[EndTime "11:27:01 PDT"]
[Termination "stuffings101 won by resignation"]

1. Nf3 Nf6 2. g3 g6 3. Bg2 Bg7 4. O-O O-O 5. d3 d5 6. c3 c6 7. Nbd2 a5 8. a4 Na6 9. Re1 Re8 10. Qc2 e5 11. e4 dxe4 12. dxe4 Nc5 13. Bf1 h6 14.
Nc4 Qc7 15. h3 b5 16. axb5 cxb5 17. Ncd2 Bd7 18. Bg2 Red8 19. Nb3 Nxb3 20. Qxb3 a4 21.
Qc2 Be6 22. Bf1 Bb3 23. Qe2 Rab8 24. Nd2 Be6 25. Nf3 Nd7 26. Be3 Bc4 27. Qc2 Bb3 28. Qc1 Kh7 29. Nd2 Be6 30. c4 bxc4 31. Rxa4 Nc5 32.
Bxc5 Qxc5 33. Nxc4 Rd4 34. Qc3 Rc8 35. b3 Rcd8 36.
Qf3 Kg8 37. Rea1 Qb5 38. Ra8 Rxa8 39. Rxa8+ Kh7 40. Ra1 Qc6 41. Re1 Qb7 42. Qe2 Qxb3 43. Nd2 Qb6 44. Nf3 Ra4 45. Rd1 Bf8 46. Nxe5 Bc5 47.
Rd2 Ra1 48. Kg2 Bb4 49. Rb2 Qd4 50. Nf3 Qc3 51. Rc2 Qb3 52. Rb2 Qa3 53. Rc2 Bc5 54.
Qb5 Ba7 55. Qe5 Bxh3+ 56. Kxh3 Qxf3 57. Bg2 Qh5+ 58. Qxh5 gxh5 59. Rc7 Kg7 60. f4 Ra2 61. e5 Kf8 62. Rxf7+ Kxf7 63. Bd5+ Ke7 64. Bxa2 Bf2 65. Kg2 Be1 66. Kf3 h4 67. g4 Bg3 68. e6 Kf6 69. f5 Bd6 70. Bd5 Be5 71. Kg2 Bd6 72. Kh3 Bg3 73. Bf3 Ke7 74. Be4 Kf6 75. Bh1 Ke7 76.
Be4 Kf6 77. Kg2 Ke7 78. Kf3 Kf6 79. Ke2 Ke7 80. Kd3 Kf6 81. Kd4 h3 82. Kd5 h2 83. Kc6 Ke7 84. Bh1 Be5 85. Bg2 Bd4 86. Bd5 Be5 87. Bf3 Bd4 88. Kd5 Bf6 89. Bh1 Bb2 90.
Bg2 Bf6 91. Ke4 Bb2 92. Kf4 Bf6 93. Kg3 Be5+ 94. Kh4 Kf6 95. Kh5 Bf4 96. Bd5 Ke7 97. Kg6 Bg5 98. Bh1 Kd6 99. Kf7 1-0

[Event "*** Titled Tuesday 3|2 Blitz"]
[Site "Chess.com"]
[Date "2016.10.04"]
[Round "3"]
[White "avto24"]
[Black "MyleneFarmer"]
[Result "0-1"]
[WhiteElo "2330"]
[BlackElo "2308"]
[TimeControl "180+2"]
[EndTime "11:30:41 PDT"]
[Termination "MyleneFarmer won by resignation"]

1. e4 c5 2. c3 Nf6 3. e5 Nd5 4. d4 cxd4 5. cxd4 e6 6. Nf3 d6 7. Bd3 Nc6 8. a3 Be7 9. O-O O-O 10. Qc2 f5 11. exf6 Nxf6 12. Nc3 e5 13. dxe5 dxe5 14. Bg5 h6 15. Bxf6 Bxf6 16. Bc4+ Kh8 17. Rad1 Qe8 18. Nd5 Qh5 19. Nxf6 Rxf6 20. Nxe5 Qxe5 21. Rfe1 Qh5 22. Rd5 Bf5 23. Qd2 Qg6 24. b4 Be4 25. f3 Bxd5 26. Qxd5 Rd8 0-1

[Event "*** Titled Tuesday 3|2 Blitz"]
[Site "Chess.com"]
[Date "2016.10.04"]
[Round "3"]
[White "RamonManon0g"]
[Black "Haridaskesavan"]
[Result "1-0"]
[WhiteElo "2205"]
[BlackElo "2125"]
[TimeControl "180+2"]
[EndTime "11:31:19 PDT"]
[Termination "RamonManon0g won by resignation"]

1. d4 Nf6 2. c4 g6 3. Nc3 Bg7 4. e4 O-O 5. Nf3 d6 6. Be2 Nbd7 7. O-O e5 8. Be3 Ng4 9. Bg5 f6 10. Bh4 Nh6 11. dxe5 Nxe5 12. Nxe5 dxe5 13. Qxd8 Rxd8 14. Nd5 c6 15. Bxf6 Bxf6 16. Nxf6+ Kf7 17. Nxh7 Rd2 18. Bf3 Rxb2 19. Rfd1 Be6 20. Ng5+ Ke7 21. Nxe6 Kxe6 22. c5 Rc2 23. Rd6+ Kf7 24. Rd7+ Kf6 25. Rad1 Rxc5 26. R1d6+ Kg5 27. g3 Ng8 28. Rg7 1-0

[Event "*** Titled Tuesday 3|2 Blitz"]
[Site "Chess.com"]
[Date "2016.10.04"]
[Round "3"]
[White "ChessSkool"]
[Black "GMKrikor"]
[Result "1-0"]
[WhiteElo "2485"]
[BlackElo "2570"]
[TimeControl "180+2"]
[EndTime "11:31:35 PDT"]
[Termination "ChessSkool won by resignation"]

1. d4 Nf6 2. c4 e6 3. Nf3 d5 4. g3 Bb4+ 5. Nbd2 b6 6. Qa4+ Nc6 7.
Ne5 Bd7 8. Nxc6 Bxd2+ 9. Bxd2 Qc8 10. cxd5 exd5 11. Qc2 Bf5 12. Qc1 h5 13. Ne5 O-O 14. Bg2 c5 15. O-O Qa6 16. dxc5 Rac8 17. c6 Qxe2 18.
Re1 Qb5 19. a4 Qa6 20. Bf1 b5 21. axb5 Qb6 22. Ba5 Qb8 23. Qf4 Be6 24. Nf3 Qxf4 25. gxf4 a6 26. bxa6 Rxc6 27. Nd4 1-0

[Event "*** Titled Tuesday 3|2 Blitz"]
[Site "Chess.com"]
[Date "2016.10.04"]
[Round "3"]
[White "filali-oujda"]
[Black "Hieronymus00"]
[Result "1-0"]
[WhiteElo "2305"]
[BlackElo "2161"]
[TimeControl "180+2"]
[EndTime "11:32:43 PDT"]
[Termination "filali-oujda won by resignation"]

1. e4 e5 2. Nf3 Nc6 3. Bc4 Nf6 4. d4 exd4 5. Ng5 Ne5 6. Bb3 h6 7. f4 hxg5 8. fxe5 Nxe4 9. Qxd4 Nc5 10.
Nc3 d6 11. Be3 Be6 12. O-O-O Nxb3+ 13. axb3 Qe7 14. Rhe1 Rxh2 15. Nb5 Qd7 16. Qa4 a6 17. Nxc7+ Kd8 18. Nxa8 Qxa4 19. bxa4 1-0

[Event "*** Titled Tuesday 3|2 Blitz"]
[Site "Chess.com"]
[Date "2016.10.04"]
[Round "3"]
[White "VMikhalevski"]
[Black "jcibarra"]
[Result "1/2-1/2"]
[WhiteElo "2468"]
[BlackElo "2695"]
[TimeControl "180+2"]
[EndTime "11:32:58 PDT"]
[Termination "Game drawn by repetition"]

1. Nf3 Nf6 2. g3 g6 3. b3 Bg7 4.
Bb2 O-O 5. Bg2 d6 6. d4 c5 7. dxc5 Qa5+ 8. Nbd2 Qxc5 9. O-O Nc6 10. c4 Qh5 11.
Re1 Bh3 12. e4 Ng4 13. Bxg7 Kxg7 14. Nh4 Bxg2 15. Kxg2 Nf6 16. Qxh5 Nxh5 17. f4 Nf6 18. Nhf3 Rfd8 19. Re2 Nd7 20. Nb1 Nc5 21. Nc3 a5 22. Rb1 e6 23. Rd2 Kf8 24. Kf2 Ke7 25. Ke3 Ra6 26. a4 Nb4 27. Nb5 Raa8 28. Nc3 Rd7 29.
Nd4 Rad8 30. Ndb5 h5 31. h4 Kf8 32. Rdd1 Ke7 33. Rd2 Kf8 34. Rdd1 Nc2+ 35. Kf3 Nb4 36. Ke3 1/2-1/2

[Event "*** Titled Tuesday 3|2 Blitz"]
[Site "Chess.com"]
[Date "2016.10.04"]
[Round "3"]
[White "pastouche06"]
[Black "Spas_Kozhuharov"]
[Result "0-1"]
[WhiteElo "2338"]
[BlackElo "2475"]
[TimeControl "180+2"]
[EndTime "11:33:02 PDT"]
[Termination "Spas_Kozhuharov won by resignation"]

1. d4 d5 2. c4 dxc4 3. e3 Nf6 4. Bxc4 e6 5. Nf3 c5 6. O-O Nc6 7. Qe2 cxd4 8. Rd1 Be7 9. exd4 Na5 10. Bd3 O-O 11. Nc3 b6 12. Bg5 Bb7 13. Rac1 Rc8 14. Bb1 Nd5 15. Ne4 Bxg5 16. Nexg5 h6 17. Ne4 Qe7 18. Ne5 Rfd8 19. Ng3 Nf4 20. Qg4 Nxg2 21. Nh5 Qg5 22. Rxc8 Rxc8 23. f3 Ne3 24. Qxg5 hxg5 25. Re1 Nd5 26. Kf2 Nc4 27. Nxc4 Rxc4 28. b3 Rxd4 0-1

[Event "*** Titled Tuesday 3|2 Blitz"]
[Site "Chess.com"]
[Date "2016.10.04"]
[Round "3"]
[White "agser"]
[Black "lexiel"]
[Result "1-0"]
[WhiteElo "2499"]
[BlackElo "2222"]
[TimeControl "180+2"]
[EndTime "11:33:06 PDT"]
[Termination "agser won by resignation"]

1. d4 Nf6 2. c4 d6 3. Nf3 Bf5 4.
Nc3 h6 5. g3 c6 6. Bg2 Nbd7 7.
O-O Qc7 8. Re1 e5 9. e4 Bg4 10. h3 Bh5 11. g4 Bg6 12. Nh4 Bh7 13. Be3 g5 14. Nf5 Bxf5 15. exf5 O-O-O 16. Qa4 a6 17. b4 h5 18. gxh5 g4 19. b5 gxh3 20. Bf3 e4 21. Nxe4 Nxe4 22. Bxe4 axb5 23. cxb5 d5 24. bxc6 bxc6 25.
Rab1 Nb8 26. Bf3 Bd6 27. Kh1 f6 28. Rec1 Rde8 29. Rxb8+ Kxb8 30. Rxc6 Qb7 31. Rxd6 Rxe3 32. fxe3 Qb1+ 33. Qd1 Qxf5 34. Qb3+ Kc8 35. Rc6+ 1-0

[Event "*** Titled Tuesday 3|2 Blitz"]
[Site "Chess.com"]
[Date "2016.10.04"]
[Round "3"]
[White "Houdinovic"]
[Black "cassoulet"]
[Result "1-0"]
[WhiteElo "2318"]
[BlackElo "2280"]
[TimeControl "180+2"]
[EndTime "11:33:24 PDT"]
[Termination "Houdinovic won by resignation"]

1. e4 c5 2. Nc3 Nc6 3. Bb5 g6 4.
Bxc6 bxc6 5. d3 Bg7 6. f4 d6 7. h3 Nf6 8. Nf3 O-O 9. O-O Rb8 10.
Qe1 d5 11. e5 Ne8 12. Qf2 Qa5 13. Nd2 c4 14. dxc4 Ba6 15. Qxa7 Qb6+ 16. Qxb6 Rxb6 17. Re1 Nc7 18. cxd5 cxd5 19. Nb3 e6 20. Be3 Rbb8 21. Rab1 Rfc8 22. Nc5 Bf8 23. Nd7 Rb7 24. Nxf8 Kxf8 25. Na4 Rb5 26. Nc5 Ke8 27. a4 Rbb8 28. b4 Bc4 29. b5 Na8 30. Rb4 Nb6 31. Rd1 Ra8 32. Nxe6 Nxa4 33. Nd4 Nc3 34. Re1 Rcb8 35. Bd2 Ne4 36. Rxe4 dxe4 37. Rxc4 Ra1+ 38. Kf2 Rd1 39. Be3 Kd7 40. Ra4 Rb7 41. c4 f5 42. exf6 1-0

[Event "*** Titled Tuesday 3|2 Blitz"]
[Site "Chess.com"]
[Date "2016.10.04"]
[Round "3"]
[White "Noukii"]
[Black "Rumpel-VK"]
[Result "0-1"]
[WhiteElo "2612"]
[BlackElo "2452"]
[TimeControl "180+2"]
[EndTime "11:33:29 PDT"]
[Termination "Rumpel-VK won by resignation"]

1. d4 d5 2. c4 dxc4 3. Nf3 Nf6 4. e3 Bg4 5. Bxc4 e6 6. Nbd2 a6 7. O-O c5 8. h3 Bh5 9. Be2 Nc6 10. dxc5 Bxc5 11.
b4 Bxb4 12. Bb2 O-O 13. Nb3 Qxd1 14. Rfxd1 Rfd8 15. Rxd8+ Rxd8 16. Rc1 Kf8 17. Bxa6 bxa6 18. Rxc6 Rd1+ 19. Kh2 Ne4 20. g4 Rf1 21. Rc8+ Ke7 22. Rc7+ Kd8 23. Rc2 Bg6 24. Kg2 Rb1 25. Ne5 Nc5 26.
Nxg6 Nd3 27. Ne5 Ne1+ 28. Kg3 Nxc2 29. Bd4 Nxd4 30. Nxd4 Bd6 31. f4 Bxe5 0-1

[Event "*** Titled Tuesday 3|2 Blitz"]
[Site "Chess.com"]
[Date "2016.10.04"]
[Round "3"]
[White "jncool68"]
[Black "Blitzstream"]
[Result "1-0"]
[WhiteElo "2455"]
[BlackElo "2535"]
[TimeControl "180+2"]
[EndTime "11:33:38 PDT"]
[Termination "jncool68 won by resignation"]

1. e4 d5 2. exd5 Qxd5 3. Nc3 Qa5 4. d4 Nf6 5. Nf3 Bg4 6. h3 Bh5 7. g4 Bg6 8. Ne5 Nbd7 9. Nxd7 Nxd7 10. Bg2 c6 11. d5 cxd5 12. Bxd5 O-O-O 13. Qf3 Ne5 14. Bxb7+ Kb8 15. Bf4 e6 16. Qg3 Bd6 17. Bg2 h5 18. O-O h4 19. Qe3 Nc4 20. Qf3 Qa6 21. Rad1 e5 22. Bc1 Nb6 23. Ne4 Be7 24. Be3 Rxd1 25.
Rxd1 Rd8 26. Rxd8+ Bxd8 27. Nc5 e4 28. Nxa6+ 1-0

[Event "*** Titled Tuesday 3|2 Blitz"]
[Site "Chess.com"]
[Date "2016.10.04"]
[Round "3"]
[White "josiwales"]
[Black "Carolina-moon"]
[Result "1-0"]
[WhiteElo "2220"]
[BlackElo "2164"]
[TimeControl "180+2"]
[EndTime "11:34:05 PDT"]
[Termination "josiwales won by checkmate"]

1. e4 c5 2. Nc3 Nc6 3. g3 g6 4.
Bg2 Bg7 5. d3 d6 6. Be3 e5 7.
Nge2 Nge7 8. O-O O-O 9. f4 Nd4 10. h3 f5 11. Rb1 Rb8 12. Nd5 Nxd5 13. exd5 Nxe2+ 14. Qxe2 Re8 15. Qd2 Bd7 16. c3 b5 17.
Rbe1 Qa5 18. a3 b4 19. axb4 cxb4 20. Ra1 bxc3 21. bxc3 Qd8 22. Rxa7 Qc8 23. c4 exf4 24. gxf4 Rb2 25. Qc1 Qb8 26. Rxd7 Qb3 27. Rxg7+ Kf8 28. Rxh7 Rc2 29. Rh8+ Kf7 30. Rh7+ Kg8 31. Qa1 Kxh7 32. Qa7+ Kh6 33. Bd4 Rxg2+ 34. Kxg2 Re2+ 35. Kg1 Qb2 36. Qg7+ Kh5 37. Qh7# 1-0